Map: Complesso Moebius XX-1

Players

Trankus

  • Race: Terran Terran

garcia

  • Race: Terran Terran

Jhyrachy

  • Race: Zerg Zerg
  • League: Gold

mUnRETTILONE

  • Race: Terran Terran

Amit

  • Race: Zerg Zerg

weok

  • Race: Protoss Protoss
  • League: Bronze

Guru

  • Race: Protoss Protoss

WrathCrusade

  • Race: Protoss Protoss

VOD

Have the link to the VOD?

Description

Time

  • Played on: April 13, 2016, 3:21 p.m.
  • Length: 13:29
Show
View Real Time Build Order
Export as new Build Order

Trankus Terran 

Build Orders:  

Get SALT Encoding   

  12  0:05  SCV  
  13  0:17  SCV  
  14  0:29  SCV  
  14  0:31  Supply Depot  
  15  0:53  SCV  
  16  1:02  Supply Depot  
  16  1:05  SCV, Supply Depot  
  17  1:11  Refinery  
  17  1:17  SCV  
  18  1:26  Barracks  
  18  1:29  Barracks  
  18  2:05  Command Center  
  18  2:24  Barracks Tech Lab  
  18  2:34  Refinery  
  18  2:35  SCV  
  19  2:39  Barracks Reactor  
  19  2:49  Engineering Bay  
  19  2:55  SCV  
  20  3:07  SCV  
  21  3:19  SCV  
  22  3:27  Marine x3  
  22  3:31  SCV  
  26  3:36  Supply Depot  
  26  3:44  SCV  
  26  3:45  Marine x3  
  30  3:48  Bunker  
  30  3:56  SCV  
  30  4:00  Supply Depot  
  31  4:03  Marine x3  
  34  4:20  Marine  
  34  4:21  Marine x2  
  37  4:38  Marine x2  
  37  4:39  Marine  
  38  4:56  Marine x3  
  41  5:14  Marine x3  
  44  5:27  Missile Turret  
  44  5:28  Factory  
  44  5:32  Marine x3  
  44  5:34  Factory  
  47  5:50  Marine x3  
  50  5:58  SCV  
  51  6:07  Marine x2  
  51  6:08  Marine  
  51  6:10  Terran Infantry Weapons Level 1, SCV  
  55  6:12  Missile Turret  
  55  6:13  Missile Turret, Factory Tech Lab  
  55  6:22  SCV  
  55  6:23  Armory  
  55  6:25  Marine x3  
  56  6:27  Factory Tech Lab  
  59  6:34  Refinery, SCV  
  59  6:37  Combat Shields  
  60  6:43  Marine  
  60  6:46  SCV  
  62  6:49  Orbital Command  
  62  7:02  Missile Turret  
  62  7:15  Thor  
  62  7:18  Starport  
  62  7:19  Marine  
  64  8:04  Hi-Sec Auto Tracking  
  64  8:35  Missile Turret  
  64  8:40  Thor  
  70  8:43  Starport Reactor  
  70  8:52  Marine  
  70  8:53  Marine  
  70  8:54  Missile Turret  
  65  9:01  Terran Infantry Armor Level 1  
  59  9:04  Thor  
  65  9:22  Widow Mine  
  25  10:48  Missile Turret  
  25  10:56  Missile Turret  
  21  10:58  Missile Turret  
  21  11:01  Missile Turret x2  
  16  11:17  Missile Turret x2  
  13  11:21  Missile Turret  
Show
View Real Time Build Order
Export as new Build Order

garcia Terran 

Build Orders:  

Get SALT Encoding   

  12  0:02  SCV  
  13  0:14  SCV  
  14  0:30  SCV  
  14  0:34  Refinery  
  15  0:36  Refinery, Supply Depot  
  15  1:00  Barracks  
  15  1:05  SCV  
  16  1:18  SCV  
  17  1:38  Engineering Bay  
  17  1:48  Orbital Command  
  17  1:53  Marine  
  18  1:54  Bunker  
  18  2:11  Marine  
  18  2:14  Missile Turret  
  20  2:22  SCV  
  20  2:29  Missile Turret  
  20  2:35  SCV  
  21  2:38  Marine  
  22  2:56  Marine  
  22  2:58  Supply Depot  
  23  3:19  SCV  
  24  3:31  Command Center, SCV  
  25  3:38  Factory  
  25  3:52  SCV  
  26  4:04  SCV  
  27  4:16  SCV  
  28  4:25  Starport  
  28  4:35  Starport  
  28  4:40  Starport  
  28  4:43  Armory  
  28  5:09  Starport Reactor  
  28  5:12  Starport Tech Lab  
  28  5:19  Starport Reactor  
  28  5:30  Orbital Command  
  28  5:33  Liberator  
  28  5:34  SCV  
  29  5:44  Missile Turret  
  29  5:46  SCV  
  33  5:59  SCV  
  33  6:00  Terran Ship Weapons Level 1  
  34  6:05  Missile Turret, Fusion Core  
  34  6:11  SCV  
  35  6:13  Armory  
  35  6:15  SCV  
  35  6:16  Liberator  
  36  6:23  SCV  
  37  6:26  Refinery  
  37  6:27  Missile Turret  
  37  6:28  SCV  
  38  6:33  Liberator  
  38  6:35  Refinery, SCV  
  42  6:40  SCV  
  46  7:25  Liberator x2  
  46  7:32  Terran Vehicle And Ship Armor Level 1  
  52  7:45  Supply Depot  
  52  7:50  Liberator  
  52  7:56  Liberator x2  
  52  7:59  Advanced Ballistics  
  52  8:08  Supply Depot  
  52  8:12  Liberator  
  61  8:23  Liberator  
  61  8:30  Supply Depot  
  61  8:33  Liberator  
  67  8:53  Supply Depot  
  77  9:02  Liberator  
  70  9:03  Liberator x2  
  70  9:16  Supply Depot  
  70  9:27  Liberator  
  70  9:28  Missile Turret  
  70  9:36  Terran Ship Weapons Level 2  
  70  9:39  Supply Depot  
  70  9:40  Liberator  
  73  9:47  Missile Turret  
  76  10:06  Missile Turret  
  76  10:20  Liberator x4  
  76  10:23  Liberator  
  76  10:25  Missile Turret  
  67  10:49  Terran Vehicle And Ship Armor Level 2  
  67  11:04  Missile Turret  
  67  11:13  Liberator  
  67  11:14  Liberator x2  
  67  11:25  Missile Turret  
  76  11:46  Missile Turret  
  76  11:51  Liberator x2  
  51  12:11  Missile Turret  
  48  12:30  Missile Turret  
  48  12:36  SCV x2  
  50  12:48  SCV  
  50  12:49  SCV  
  50  12:50  Missile Turret  
  58  13:00  SCV  
  58  13:01  SCV  
  60  13:08  Missile Turret  
  60  13:13  SCV x2  
Show
View Real Time Build Order
Export as new Build Order

Jhyrachy Zerg 

Build Orders: Pool First 

Get SALT Encoding   

  12  0:13  Drone x2  
  14  0:19  Overlord  
  14  0:41  Drone x2  
  16  0:47  Drone  
  17  1:00  Drone  
  18  1:04  Spawning Pool  
  18  1:07  Extractor  
  16  1:21  Drone  
  17  1:28  Hatchery  
  16  1:34  Drone x2  
  18  1:43  Drone  
  19  1:52  Queen  
  21  1:54  Drone  
  22  2:10  Overlord  
  22  2:26  Extractor  
  21  2:32  Drone  
  21  2:33  Drone  
  21  2:34  Lair  
  23  2:38  Drone  
  23  2:43  Queen  
  26  2:44  Overlord  
  26  2:46  Overlord  
  26  2:56  Drone x2  
  28  3:11  Spore Crawler  
  27  3:13  Drone  
  27  3:14  Drone  
  29  3:22  Spine Crawler  
  28  3:32  Spine Crawler  
  25  3:49  Spire  
  24  4:23  Overlord x2  
  24  4:24  Overlord  
  24  5:03  Mutalisk x6  
  36  5:07  Drone x3  
  36  5:08  Drone x3  
  42  5:20  Spore Crawler  
  40  5:40  Spore Crawler  
  39  6:03  Hatchery  
  36  6:05  Spore Crawler  
  36  6:08  Spore Crawler  
  36  6:09  Drone x2  
  36  6:10  Drone x2  
  38  6:14  Queen  
  38  6:17  Mutalisk  
  38  6:18  Mutalisk  
  44  6:49  Drone x2  
  44  6:51  Overlord x2  
  20  9:14  Hatchery  
  8  10:33  Spawning Pool  
  7  11:44  Queen  
  7  11:45  Drone x3  
  12  11:53  Spore Crawler  
  11  11:55  Spore Crawler  
  11  11:57  Spore Crawler  
  11  11:58  Spore Crawler  
  11  12:00  Drone  
  9  12:15  Spore Crawler  
  8  12:17  Spore Crawler  
  7  12:24  Drone  
  7  12:25  Drone  
Show
View Real Time Build Order
Export as new Build Order

mUnRETTILONE Terran 

Build Orders:  

Get SALT Encoding   

  12  0:02  SCV  
  13  0:14  SCV  
  14  0:26  SCV  
  15  0:56  Supply Depot  
  15  1:18  SCV  
  16  1:24  Barracks  
  16  1:30  Refinery  
  16  1:52  Command Center  
  16  2:10  SCV  
  17  2:17  Barracks  
  17  2:20  Refinery  
  18  2:22  SCV  
  18  2:30  Bunker  
  18  2:34  SCV  
  18  2:36  Marine  
  20  2:51  SCV  
  21  3:03  SCV  
  22  3:13  Refinery  
  22  3:18  SCV  
  22  3:19  Refinery  
  23  3:30  SCV  
  23  3:32  Marine x2  
  26  3:42  SCV  
  26  3:48  Supply Depot  
  27  3:49  Marine  
  27  3:54  SCV  
  29  4:06  SCV  
  30  4:15  Marine x2  
  32  4:24  Factory  
  32  4:29  Factory  
  32  4:33  Marine, SCV  
  32  4:36  Orbital Command  
  34  4:44  Engineering Bay x2  
  34  4:45  SCV  
  35  5:17  Missile Turret  
  35  5:18  Missile Turret  
  35  5:23  SCV  
  36  5:35  SCV  
  36  5:37  Factory Tech Lab  
  36  5:40  Missile Turret x2  
  37  5:43  Factory Tech Lab  
  37  5:50  Missile Turret  
  37  6:02  Missile Turret  
  37  6:03  Missile Turret  
  37  6:13  Missile Turret  
  37  6:14  Neosteel Frame  
  37  6:19  Hi-Sec Auto Tracking  
  37  6:25  Widow Mine x2  
  39  6:32  Missile Turret  
  41  6:34  Armory  
  41  6:35  Orbital Command  
  41  6:45  Missile Turret  
  41  6:53  Missile Turret  
  41  7:04  Missile Turret  
  41  7:18  Supply Depot  
  41  7:21  Armory  
  41  7:42  Supply Depot  
  41  7:43  Supply Depot  
  41  7:44  Thor x2  
  53  7:57  Marine x2  
  55  8:06  Supply Depot  
  55  8:19  Starport  
  55  8:20  Starport  
  55  8:34  Thor x2  
  55  8:40  Barracks Reactor x2  
  67  8:57  Starport  
  67  9:19  Barracks Reactor  
  67  9:26  Starport Reactor x2  
  67  10:04  Starport Reactor  
  69  10:30  Viking  
  69  10:31  Viking x3  
  75  10:41  Viking  
  75  10:42  Viking  
  79  11:00  Viking  
  79  11:01  Viking x3  
  87  11:10  Marine x2  
  87  11:11  Marine x2, Viking x2  
  95  11:28  Marine x3  
  95  11:29  Marine  
  95  11:30  Viking x2  
  95  11:31  Viking x2  
  107  11:38  Command Center  
  107  11:41  Viking  
  107  11:46  Marine  
  110  11:55  Marine x3, Viking  
  110  12:00  Viking x2  
  110  12:01  Supply Depot, Viking x2  
  123  12:04  Marine  
  124  12:13  Marine  
  125  12:23  Supply Depot  
  125  12:37  Viking x4  
  133  12:44  Viking  
  133  12:45  Viking  
Show
View Real Time Build Order
Export as new Build Order

Amit Zerg 

Build Orders: Hatch First 

Get SALT Encoding   

  12  0:02  Drone  
  13  0:11  Drone  
  14  0:18  Overlord  
  14  0:37  Drone x3  
  17  0:51  Drone  
  18  1:00  Hatchery  
  18  1:03  Drone  
  18  1:10  Drone  
  19  1:13  Extractor  
  18  1:21  Spawning Pool  
  18  1:23  Drone  
  18  1:34  Drone  
  19  1:48  Evolution Chamber  
  19  1:50  Overlord  
  18  2:11  Zergling x4, Queen x2  
  18  2:14  Zergling x4  
  26  2:32  Metabolic Boost  
  26  2:36  Spine Crawler  
  25  2:39  Drone x2  
  27  2:50  Drone  
  27  2:51  Drone x2  
  30  2:57  Drone x2  
  32  3:01  Extractor  
  31  3:10  Drone x2  
  33  3:14  Lair  
  33  3:28  Drone x3  
  33  3:29  Overlord  
  36  3:44  Overlord x2  
  36  3:52  Zerg Missile Weapons Level 1  
  36  4:01  Drone x5  
  36  4:02  Drone  
  42  4:23  Pneumatized Carapace  
  42  4:38  Overlord  
  42  4:43  Overlord  
  42  4:44  Infestation Pit  
  41  4:50  Extractor x2  
  35  4:56  Overseer  
  35  5:07  Baneling Nest  
  35  5:10  Drone x3  
  35  5:11  Drone x2  
  35  5:12  Drone, Overlord x3  
  35  5:13  Drone, Overlord  
  41  5:20  Spore Crawler  
  40  5:29  Spine Crawler  
  40  5:31  Drone x3  
  40  5:32  Drone  
  43  5:39  Zergling x2  
  43  5:40  Zergling x2  
  45  5:46  Hive  
  45  5:50  Hydralisk Den  
  45  5:53  Spore Crawler  
  45  5:54  Spore Crawler, Zerg Missile Weapons Level 2  
  45  5:55  Spore Crawler  
  41  6:10  Baneling x4  
  41  6:11  Centrifical Hooks  
  41  6:13  Zergling x14  
  48  6:25  Zergling x12  
  54  6:37  Drone  
  55  6:40  Lurker Den  
  55  6:43  Pathogen Glands  
  55  6:48  Baneling x2  
  55  6:57  Spore Crawler  
  55  7:00  Spore Crawler  
  53  7:17  Spore Crawler, Drone x5  
  53  7:18  Drone  
  53  7:19  Spore Crawler  
  54  7:45  Baneling x2  
  44  8:06  Zergling x2  
  44  8:07  Zergling x22  
  44  8:10  Zerg Melee Weapons Level 1  
  55  8:15  Evolution Chamber  
  55  8:17  Muscular Augments  
  54  8:27  Spore Crawler x2  
  52  8:36  Queen  
  52  8:37  Spore Crawler, Drone x3  
  52  8:39  Spore Crawler, Hydralisk  
  52  8:40  Spore Crawler x2, Hydralisk  
  57  8:44  Viper  
  60  9:10  Lurker x2  
  60  9:11  Viper x3  
  71  9:25  Viper  
  74  9:46  Burrow  
  74  9:49  Baneling  
  74  9:50  Baneling x10  
  74  10:07  Queen  
  65  10:42  Queen  
  65  10:56  Queen  
  67  11:03  Zergling x18  
  67  11:04  Zergling x16  
  84  11:43  Overlord x5  
  84  11:52  Queen  
  84  11:54  Queen  
  73  12:28  Viper x3  
  73  12:29  Viper x4, Queen  
  96  12:41  Overseer  
Show
View Real Time Build Order
Export as new Build Order

weok Protoss 

Build Orders: Oracle Opening 

Get SALT Encoding   

  12  0:02  Probe (Chrono Boost)  
  13  0:19  Probe (Chrono Boost)  
  14  0:29  Pylon  
  14  0:41  Probe (Chrono Boost)  
  15  0:52  Probe (Chrono Boost)  
  16  0:58  Forge  
  16  1:05  Gateway  
  16  1:17  Probe (Chrono Boost)  
  17  1:21  Assimilator  
  17  1:28  Probe (Chrono Boost)  
  18  1:38  Probe (Chrono Boost)  
  19  1:51  Assimilator  
  19  1:57  Cybernetics Core  
  19  2:00  Pylon  
  19  2:05  Probe (Chrono Boost)  
  20  2:16  Probe (Chrono Boost)  
  21  2:30  Zealot  
  21  2:34  Photon Cannon  
  23  2:42  Stargate, Probe (Chrono Boost)  
  24  2:44  Pylon  
  24  2:53  Probe (Chrono Boost)  
  27  3:20  Mothership Core (Chrono Boost)  
  27  3:21  Nexus  
  27  3:24  Pylon  
  27  3:36  Assimilator  
  27  3:39  Oracle (Chrono Boost)  
  30  3:59  Fleet Beacon  
  30  4:04  Photon Cannon  
  30  4:33  Stargate  
  30  4:35  Probe  
  31  4:45  Assimilator, Probe  
  32  4:56  Probe  
  33  5:07  Probe  
  34  5:17  Probe  
  41  5:24  Carrier (Chrono Boost)  
  41  5:38  Probe  
  42  5:48  Probe  
  43  5:59  Probe  
  44  6:06  Pylon  
  44  6:07  Carrier (Chrono Boost)  
  44  6:09  Probe  
  51  6:11  Graviton Catapult  
  51  6:20  Probe, Photon Cannon  
  52  6:30  Probe  
  59  6:41  Probe  
  60  6:49  Carrier (Chrono Boost)  
  60  6:52  Photon Cannon  
  60  6:54  Pylon  
  57  7:18  Photon Cannon  
  57  7:22  Protoss Air Weapons Level 1  
  57  7:24  Photon Cannon  
  57  7:25  Carrier (Chrono Boost)  
  63  7:45  Probe  
  64  7:52  Photon Cannon  
  64  7:56  Probe  
  65  8:03  Carrier (Chrono Boost)  
  65  8:05  Protoss Shields Level 1 (Chrono Boost)  
  71  8:34  Pylon  
  71  8:59  Photon Cannon  
  71  9:01  Photon Cannon  
  71  9:19  Carrier (Chrono Boost)  
  77  9:28  Carrier (Chrono Boost)  
  83  10:14  Photon Cannon  
  83  10:36  Pylon  
  83  10:39  Pylon  
  83  10:43  Robotics Facility  
  83  10:58  Phoenix x2 (Chrono Boost)  
  93  11:20  Phoenix x2 (Chrono Boost)  
  97  11:28  Probe  
  98  11:40  Probe  
  98  11:41  Phoenix (Chrono Boost)  
  101  11:51  Pylon  
  101  11:52  Probe, Pylon  
  102  11:55  Pylon  
  102  12:05  Phoenix  
  102  12:09  Phoenix  
  106  12:35  Nexus  
Show
View Real Time Build Order
Export as new Build Order

Guru Protoss 

Build Orders:  

Get SALT Encoding   

  12  0:11  Probe (Chrono Boost)  
  13  0:21  Assimilator, Probe (Chrono Boost)  
  14  0:32  Probe (Chrono Boost)  
  15  0:37  Pylon  
  15  0:57  Pylon  
  15  1:16  Probe (Chrono Boost)  
  16  1:26  Forge, Probe (Chrono Boost)  
  16  1:29  Gateway  
  17  1:37  Probe (Chrono Boost)  
  18  1:40  Pylon  
  18  1:48  Probe (Chrono Boost)  
  19  1:55  Assimilator  
  19  1:58  Probe (Chrono Boost)  
  20  2:09  Probe (Chrono Boost)  
  20  2:10  Photon Cannon  
  20  2:13  Photon Cannon  
  21  2:18  Cybernetics Core  
  21  2:39  Pylon  
  21  2:49  Nexus  
  21  3:01  Assimilator  
  21  3:05  Assimilator  
  21  3:13  Stargate  
  21  3:14  Stargate  
  21  3:35  Pylon  
  21  3:59  Void Ray x2  
  29  4:06  Probe (Chrono Boost)  
  30  4:11  Probe (Chrono Boost)  
  30  4:17  Probe (Chrono Boost)  
  32  4:22  Probe (Chrono Boost)  
  33  4:42  Void Ray  
  37  4:54  Void Ray  
  41  5:35  Void Ray  
  41  5:37  Void Ray  
  49  6:18  Void Ray  
  49  6:20  Void Ray  
  49  6:21  Pylon  
  57  6:26  Stargate  
  49  8:25  Oracle, Void Ray x2  
  60  9:01  Void Ray  
  64  9:08  Void Ray  
  68  9:36  Void Ray  
  49  11:23  Void Ray  
  49  11:24  Void Ray x2  
  61  12:06  Void Ray x3  
Show
View Real Time Build Order
Export as new Build Order

WrathCrusade Protoss 

Build Orders: Cannon Rush 

Get SALT Encoding   

  12  0:28  Pylon  
  12  0:48  Forge  
  12  0:55  Gateway  
  12  1:15  Pylon  
  12  1:24  Photon Cannon  
  12  1:26  Photon Cannon  
  12  1:33  Photon Cannon  
  12  1:41  Probe (Chrono Boost)  
  13  1:50  Zealot  
  13  1:52  Probe (Chrono Boost)  
  16  2:17  Zealot  
  16  2:19  Probe (Chrono Boost)  
  19  2:24  Assimilator x2  
  19  2:30  Probe (Chrono Boost)  
  19  2:33  Pylon  
  20  2:40  Probe (Chrono Boost)  
  22  2:51  Probe (Chrono Boost)  
  22  3:00  Cybernetics Core  
  22  3:02  Probe (Chrono Boost)  
  23  3:41  Stargate  
  23  3:54  Nexus  
  23  4:10  Assimilator  
  23  4:12  Assimilator  
  23  4:20  Probe (Chrono Boost)  
  24  4:30  Probe (Chrono Boost)  
  25  4:41  Probe (Chrono Boost), Photon Cannon  
  25  4:43  Pylon  
  26  4:51  Probe (Chrono Boost)  
  27  5:01  Stalker  
  27  5:02  Probe (Chrono Boost)  
  30  5:11  Probe (Chrono Boost)  
  30  5:12  Probe (Chrono Boost)  
  32  5:22  Probe (Chrono Boost)  
  32  5:23  Probe (Chrono Boost)  
  34  5:32  Protoss Air Weapons Level 1 (Chrono Boost), Probe (Chrono Boost)  
  34  5:33  Probe (Chrono Boost)  
  36  5:44  Probe (Chrono Boost)  
  36  5:46  Stargate  
  37  5:56  Protoss Shields Level 1 (Chrono Boost)  
  37  5:57  Twilight Council  
  37  6:02  Probe  
  38  6:09  Probe  
  39  6:14  Probe  
  40  6:18  Void Ray  
  40  6:21  Probe  
  45  6:26  Probe  
  46  6:33  Probe  
  46  6:39  Mothership Core  
  45  7:41  Void Ray  
  45  7:42  Void Ray  
  53  8:06  Protoss Air Armor Level 1  
  53  8:15  Probe  
  53  8:19  Probe  
  55  8:21  Assimilator, Nexus  
  55  8:22  Assimilator  
  55  8:24  Void Ray  
  59  8:27  Probe  
  59  8:30  Stargate  
  59  8:31  Probe  
  59  8:32  Pylon  
  61  8:43  Probe  
  61  8:45  Pylon  
  62  8:50  Void Ray, Pylon  
  66  9:03  Fleet Beacon  
  66  9:07  Void Ray  
  70  9:33  Void Ray  
  62  9:38  Probe  
  63  9:47  Probe  
  63  9:49  Probe  
  63  9:50  Void Ray  
  63  9:51  Probe  
  70  9:57  Carrier  
  70  9:59  Probe x2  
  77  10:00  Graviton Catapult  
  77  10:03  Probe  
  79  10:10  Probe  
  79  10:12  Probe  
  81  10:15  Probe  
  81  10:16  Void Ray  
  81  10:20  Probe  
  86  10:24  Probe  
  86  10:27  Probe  
  85  10:32  Carrier  
  87  10:36  Probe  
  87  10:39  Probe  
  89  11:04  Carrier  
  95  11:15  Stargate  
  95  11:23  Carrier  
  101  12:01  Carrier  
  95  12:57  Probe  
  96  13:05  Probe  
  97  13:07  Probe  
  98  13:17  Probe  
  100  13:20  Pylon  
  100  13:24  Pylon  
  100  13:27  Pylon  
Tags
 
Add a new tag
Caveats
  • Supply blocks, unpowered buildings, or Contaminate may cause inaccurate times.
  • Supply counts are checked every 10 seconds.